 Dungeon Crawl Stone Soup version 0.19.3-1-g3169bf9 (webtiles) character file.

94 Alarkh the Cudgeler (level 4, 0/50 HPs)
             Began as an Ogre Monk on Jan 24, 2017.
             Succumbed to a kobold's poison
             ... on level 2 of the Dungeon.
             The game lasted 00:03:39 (2806 turns).

Alarkh the Cudgeler (Ogre Monk)                     Turns: 2806, Time: 00:03:40

Health: 0/50       AC:  3    Str: 15 (16) XL:     4   Next: 63%
Magic:  4/4        EV: 10    Int:  7 (10) God:
Gold:   116        SH:  0    Dex: 12      Spells: 0 memorised, 3 levels left

rFire  . . .     SeeInvis .     a - +0 mace
rCold  . . .     Gourm    .     b - +0 robe
rNeg   . . .     Faith    .     (no shield)
rPois  .         Spirit   .     (helmet restricted)
rElec  .         Reflect  .     (no cloak)
rCorr  .         Harm     .     (gloves unavailable)
MR     .....                    (boots unavailable)
Stlth  +.........               (no amulet)
                                (no ring)
                                (no ring)

@: lethally poisoned (0 -> -13), heavily drained
A: unfitting armour, tough skin 1
a: no special abilities


You were on level 2 of the Dungeon.
You were not hungry.

You visited 1 branch of the dungeon, and saw 3 of its levels.

You collected 116 gold pieces.

Inventory:

Hand Weapons
 a - a +0 mace (weapon)
Armour
 b - a +0 robe (worn)
Jewellery
 l - an uncursed amulet of harm
Scrolls
 e - a scroll of identify
 h - a scroll of fog
 i - a scroll of magic mapping
 j - a scroll of random uselessness {unknown}
 k - a scroll of enchant armour
 m - a scroll of teleportation {unknown}
 n - a scroll of recharging {unknown}
Potions
 d - a potion of degeneration
 o - a potion of brilliance {unknown}
 p - a potion of might {unknown}
Comestibles
 c - 4 bread rations
 f - 2 fruits
 g - 2 meat rations


   Skills:
 + Level 5.0(3.7) Fighting
 * Level 5.7(4.4) Maces & Flails
 + Level 3.2(2.0) Dodging
 - Level 1.4(0.2) Stealth


You had 3 spell levels left.
You didn't know any spells.

Dungeon Overview and Level Annotations

Branches:
Dungeon (3/15)

Altars:
Qazlal
Vehumet

Annotations:
D:2 1 runed door


Innate Abilities, Weirdness & Mutations

You are too large for most types of armour.
You have tough skin. (AC +1)


Message History

Your base Fighting skill increases to level 5!
* * * LOW HITPOINT WARNING * * *
You feel sick. The bat hits you but does no damage.
The frilled lizard closely misses you. The bat misses you.
* * * LOW HITPOINT WARNING * * *
You feel sick. The bat closely misses you. The frilled lizard bites you.
* * * LOW HITPOINT WARNING * * *
The bat hits you but does no damage.
All of the chunks of flesh in your inventory have rotted away.
You see here a dagger.
You miss the frilled lizard.
* * * LOW HITPOINT WARNING * * *
You feel sick. The bat barely misses you. The frilled lizard bites you.
* * * LOW HITPOINT WARNING * * *
You barely miss the frilled lizard.
* * * LOW HITPOINT WARNING * * *
You feel sick. The bat misses you. The frilled lizard closely misses you.
Unknown command.
You miss the frilled lizard.
You die...

#.#.# #....# #>...##.....## #.###
#....# #....''.....## #.# #....#
#....##.....## ####.#
#....######........#.##
##....#####.......#####.######.##
..........+.......'............##
.......####.......#####......#...
.......# #.......# #(.....#.#+##
.......# #..b.l@.# #......#.....
...########.......# ######.#.....
...# #.........# ###.#..... ##.#
#.....[...# #...#..... ...##
#.........# #.###.....
....#####........## #.........
.._..............# ######....
#....#...........# ##'##
##...#..#........# #.#


You could see a bat and a frilled lizard.

Vanquished Creatures
  5 adders
  A worm (D:2)
  A dart slug (D:2)
  2 leopard geckos (D:2)
  5 giant cockroaches
  4 goblins
  5 hobgoblins
  7 kobolds
  A ball python (D:2)
  4 bats
  4 frilled lizards (D:2)
  4 rats
43 creatures vanquished.

Notes
Turn   | Place    | Note
-------+----------+-------------------------------------------
     0 | D:1      | Alarkh the Ogre Monk began the quest for the Orb.
     0 | D:1      | Reached XP level 1. HP: 24/24 MP: 1/1
   176 | D:1      | Reached XP level 2. HP: 28/32 MP: 2/2
   853 | D:2      | Reached XP level 3. HP: 40/40 MP: 3/3
  1091 | D:2      | Found a radiant altar of Vehumet.
  1208 | D:2      | Reached skill level 5 in Maces & Flails
  1827 | D:2      | Reached XP level 4. HP: 49/49 MP: 4/4
  1909 | D:2      | Found a runed door.
  2569 | D:2      | HP: 2/49 [leopard gecko (2)]
  2783 | D:3      | Noticed a crocodile
  2795 | D:3      | Found a stormy altar of Qazlal.
  2802 | D:2      | Reached skill level 5 in Fighting
  2805 | D:2      | HP: 2/50 [poisoned by a kobold]
  2806 | D:2      | Succumbed to a kobold's poison

Skill      XL: |  1  2  3  4 |
---------------+-------------+-----
Dodging        | 3 |  3.2
Maces & Flails | 5 |  5.7
Fighting       | 5 |  5.0
Stealth        | |  1.4

Action                   |  1- 3 |  4- 6 || total
-------------------------+-------+-------++-------
Melee: Mace              |   116 |    70 ||   186
  Use: Potion            |     2 |     1 ||     3
       Scroll            |     3 |       ||     3
 Stab: Sleeping          |     2 |     2 ||     4
  Eat: Chunk             |     3 |     3 ||     6
Armor: Robe              |    46 |    38 ||    84
Dodge: Dodged            |    64 |    61 ||   125
